 Dungeon Sprint DCSS version 0.21.1-1-g345015f (webtiles) character file.

800000 vatarom the Warrior (level 12, -41/115 HPs)
             Began as a Formicid Monk on Apr 28, 2018.
             Was a Believer of Makhleb.
             Annihilated by a meat berserker
             ... wielding a +9 battleaxe
              (56 damage)
             ... in the Dungeon (Sprint VIII: "Arena of Blood").
             The game lasted 00:00:12 (8 turns).

vatarom the Warrior (Formicid Monk)                    Turns: 8, Time: 00:00:13

Health: -41/115    AC:  2    Str: 18    XL:     12   Next: 28%
Magic:  12/12      EV: 23    Int:  9    God:    Makhleb [**....]
Gold:   0          SH:  0    Dex: 17    Spells: 11/11 levels left

rFire    . . .     SeeInvis +   j - +∞ Axe of Woe
rCold    . . .     Gourm    .   (no shield)
rNeg     . . .     Faith    .   b - +0 robe
rPois    .         Spirit   .   (helmet unavailable)
rElec    .         Reflect  .   (no cloak)
rCorr    .         Harm     .   (no gloves)
MR       +....                  (no boots)
Stlth    ++++......             (no amulet)
HPRegen  0.29/turn              (no ring)
MPRegen  0.13/turn              (no ring)

@: no status effects
A: permanent stasis, dig shafts and tunnels, four strong arms, antennae 3
a: Dig, Minor Destruction, Renounce Religion


You were in the Dungeon.
You worshipped Makhleb.
Makhleb was pleased with you.
You were not hungry.

You visited 1 branch

Inventory:

Hand Weapons
 a - a +0 hand axe
 j - the +∞ Axe of Woe (weapon)
   (You found it in the Dungeon)
Armour
 b - a +0 robe (worn)
Scrolls
 i - a scroll of blinking
Potions
 d - a potion of curing
 e - a potion of heal wounds
 f - a potion of haste
 g - 2 potions of magic
 h - a potion of berserk rage
Comestibles
 c - a ration


   Skills:
 + Level 17.6 Fighting
 + Level 16.8 Axes
 + Level 14.8 Dodging
 + Level 8.3 Stealth


You had 11 spell levels left.
You didn't know any spells.

Dungeon Overview and Level Annotations

Branches:
Dungeon (1/1)

Altars:
Makhleb


Innate Abilities, Weirdness & Mutations

You cannot be hasted, slowed, berserked, paralysed or teleported.
You can dig through walls and to a lower floor.
Your four strong arms can wield two-handed weapons with a shield.
You have a pair of large antennae on your head. (SInv)


Message History

You have reached level 6!
Your experience leads to an increase in your attributes!
Increase (S)trength, (I)ntelligence, or (D)exterity?
You feel agile.
You have reached level 7!
You have reached level 8!
You feel stronger.
You have reached level 9!
Your experience leads to an increase in your attributes!
Increase (S)trength, (I)ntelligence, or (D)exterity?
You feel agile.
You have reached level 10!
You have reached level 11!
You have reached level 12!
Your experience leads to an increase in your attributes!
Increase (S)trength, (I)ntelligence, or (D)exterity?
You feel agile.
You feel stronger.
You hear a shout! x17
The meat berserker hits you with a +9 battleaxe!!!
You die...

#.. ...# . .###..
..o###...
......###........
......_.o.......
#.....# .....
#_.<._#......
...#.....#......
......_.O..o....
......###@.......
.###.....).###...
#.....o.# ..
#.......#
..........
.o.........
.........o. {
..........##


You could see a meat berserker (berserk) and 6 bags of meat.

Vanquished Creatures
  An orc (D)
1 creature vanquished.

Notes
Turn   | Place    | Note
-------+----------+-------------------------------------------
     0 | D        | Found the +∞ Axe of Woe
     0 | D        | vatarom the Formicid Monk began the quest for the Orb.
     0 | D        | Reached XP level 1. HP: 18/18 MP: 1/1
     4 | D        | Noticed a bag of meat
     4 | D        | Noticed a bag of meat
     4 | D        | Became a worshipper of Makhleb the Destroyer
     4 | D        | Reached * piety under Makhleb
     4 | D        | Reached ** piety under Makhleb
     6 | D        | Noticed a bag of meat
     6 | D        | Noticed a bag of meat
     6 | D        | Noticed a meat berserker
     8 | D        | Noticed a bag of meat
     8 | D        | Noticed a bag of meat
     8 | D        | Killed a bag of meat
     8 | D        | Reached skill level 17 in Fighting
     8 | D        | Reached XP level 2. HP: 6/47 MP: 2/2
     8 | D        | Reached XP level 3. HP: 7/53 MP: 3/3
     8 | D        | Reached XP level 4. HP: 8/61 MP: 4/4
     8 | D        | Reached XP level 5. HP: 8/67 MP: 5/5
     8 | D        | Reached XP level 6. HP: 9/74 MP: 6/6
     8 | D        | Reached XP level 7. HP: 10/80 MP: 7/7
     8 | D        | Reached XP level 8. HP: 11/88 MP: 8/8
     8 | D        | Reached XP level 9. HP: 12/94 MP: 9/9
     8 | D        | Reached XP level 10. HP: 13/101 MP: 10/10
     8 | D        | Reached XP level 11. HP: 14/107 MP: 11/11
     8 | D        | Reached XP level 12. HP: 15/115 MP: 12/12
     8 | D        | Annihilated by a meat berserker

Skill      XL: |  1 |
---------------+----+-----
Fighting       | 17 | 17.6
Axes           | 16 | 16.8
Dodging        | 14 | 14.8
Stealth        | 8 |  8.3

Action                   |  1- 3 |  4- 6 |  7- 9 | 10-12 || total
-------------------------+-------+-------+-------+-------++-------
Melee: Executioner's axe |     1 |       |       |       ||     1
